 Dungeon Crawl Stone Soup version 0.21.1-1-g345015f (webtiles) character file.

225 Krilegs the Ruffian (level 5, 0/48 HPs)
             Began as a Troll Transmuter on May 6, 2018.
             Slain by TinyReaver's ghost (8 damage)
             ... on level 3 of the Dungeon.
             The game lasted 00:09:31 (1963 turns).

Krilegs the Ruffian (Troll Transmuter)              Turns: 1963, Time: 00:09:31

Health: 0/48       AC:  6    Str: 18    XL:     5   Next: 68%
Magic:  1/6        EV: 10    Int: 10    God:
Gold:   113        SH:  0    Dex: 10    Spells: 4/7 levels left

rFire    + . .     SeeInvis +     - Unarmed
rCold    . . .     Gourm    +   (no shield)
rNeg     . . .     Faith    .   b - +0 robe
rPois    .         Spirit   .   (helmet restricted)
rElec    .         Reflect  .   t - +0 cloak
rCorr    .         Harm     .   (gloves unavailable)
MR       .....                  (boots unavailable)
Stlth    +.........             (no amulet)
HPRegen  0.56/turn              s - ring of protection from fire
MPRegen  0.10/turn              o - ring of see invisible

@: appendage (expiring), very slightly contaminated
A: large, unfitting armour, claws 3, horns 2, fast metabolism 3, gourmand,
regeneration 1, shaggy fur 1, tough skin 2
a: End Transformation


You were on level 3 of the Dungeon.
You were full.
You had grown temporary horns.
You visited 1 branch of the dungeon, and saw 3 of its levels.

You collected 113 gold pieces.

Inventory:

Missiles
 a - 17 arrows
Armour
 b - a +0 robe (worn)
 t - a +0 cloak (worn)
Jewellery
 i - an uncursed ring of fire
 o - a ring of see invisible (right claw)
 s - a ring of protection from fire (left claw)
Scrolls
 h - 4 scrolls of teleportation
 j - 2 scrolls of immolation {unknown}
 m - a scroll of identify
 n - 2 scrolls of random uselessness {unknown}
 q - a scroll of enchant weapon {unknown}
 r - a scroll of magic mapping {unknown}
Potions
 e - a potion of might {unknown}
 k - a potion of heal wounds {unknown}
 l - a potion of curing
 p - a potion of brilliance {unknown}
Books
 c - a book of Changes

   Spells                             Type                      Level
   a - Beastly Appendage              Transmutation                1
   b - Sticks to Snakes               Transmutation                2
   c - Spider Form                    Transmutation/Poison         3
   d - Ice Form                       Ice/Transmutation            4
   e - Blade Hands                    Transmutation                5
Comestibles
 d - 4 rations


   Skills:
 * Level 1.4 Fighting
 + Level 2.1 Dodging
 + Level 0.2 Stealth
 * Level 4.7 Unarmed Combat
 + Level 1.8 Spellcasting
 * Level 2.4 Transmutations


You had 4 spell levels left.
You knew the following spells:

 Your Spells              Type           Power        Failure   Level  Hunger
a - Beastly Appendage     Tmut           #.....       12%         1    ##.....
b - Sticks to Snakes      Tmut           #.......     19%         2    ###....


Dungeon Overview and Level Annotations

Branches:
Dungeon (3/15)

Altars:

Annotations:
D:3 TinyReaver's ghost, amateur CeHu


Innate Abilities, Weirdness & Mutations

You are too large for most types of armour.
You have claws for hands.
Your metabolism is lightning-fast.
You like to eat raw meat.
Your natural rate of healing is unusually fast.
You are covered in fur. (AC +1)
You have very tough skin. (AC +2)
You have a pair of horns on your head.


Message History

TinyReaver's ghost hits your ball python.
Your ball python bites TinyReaver's ghost but does no damage.
Your ball python closely misses TinyReaver's ghost.
Your ball python withers and dies!
Your ball python barely misses TinyReaver's ghost.
You claw TinyReaver's ghost!
TinyReaver's ghost is almost destroyed.
TinyReaver's ghost wails.
TinyReaver's ghost hits you.
* * * LOW HITPOINT WARNING * * *
Your ball python barely misses TinyReaver's ghost.
You scratch TinyReaver's ghost but do no damage.
TinyReaver's ghost is almost destroyed.
TinyReaver's ghost screams, "I'll kill anyone who wants the ORB!"
TinyReaver's ghost hits you but does no damage.
Your ball python barely misses TinyReaver's ghost.
You closely miss TinyReaver's ghost.
TinyReaver's ghost is almost destroyed.
TinyReaver's ghost hits you!
You die...

# .......# ##.##
#.##.##..# #.#
#........# #.#
#.##.##.# ##'##
#......S# ##...##
####.#### ##.....#
#.##.## ##.......
#.#...####........
#@WS.....+........
###.#...####........
#......## ##.......
#.###.## ##......
#.# #.# ##.....
#.###.# ##+#..
#.....# #.#.#
###.######## #.#.#
#........# ##.#.#


You could see TinyReaver's ghost and a friendly ball python.

Vanquished Creatures
  2 orc wizards (D:3)
  7 adders
  2 oozes
  4 dart slugs
  2 leopard geckos (D:1)
  2 orcs (D:3)
  10 giant cockroaches
  7 goblins
  10 hobgoblins
  4 jackals (D:1)
  2 quokkas (D:3)
  9 bats
  5 frilled lizards
  5 kobolds
  A quokka skeleton (D:2)
  7 rats
  4 plants (D:1)
83 creatures vanquished.

Vanquished Creatures (collateral kills)
  An orc (D:3)
  A kobold (D:3)
2 creatures vanquished.

Grand Total: 85 creatures vanquished

Notes
Turn   | Place    | Note
-------+----------+-------------------------------------------
     0 | D:1      | Krilegs the Troll Transmuter began the quest for the Orb.
     0 | D:1      | Reached XP level 1. HP: 18/18 MP: 1/1
   183 | D:1      | Reached XP level 2. HP: 26/26 MP: 3/3
   355 | D:1      | Reached XP level 3. HP: 32/32 MP: 2/4
   572 | D:1      | Reached skill level 1 in Fighting
   773 | D:2      | Reached skill level 4 in Unarmed Combat
   773 | D:2      | Reached XP level 4. HP: 34/41 MP: 5/5
  1062 | D:2      | Learned a level 2 spell: Sticks to Snakes
  1537 | D:3      | Reached XP level 5. HP: 48/48 MP: 3/6
  1919 | D:3      | Noticed TinyReaver's ghost (amateur CeHu)
  1963 | D:3      | Slain by TinyReaver's ghost

Skill      XL: |  1  2  3  4 |
---------------+-------------+-----
Fighting       | 1 |  1.4
Unarmed Combat | 4 |  4.7
Transmutations | 2 |  2.4
Dodging        | 2 |  2.1
Stealth        | |  0.2
Spellcasting   | |  1.8

Action                   |  1- 3 |  4- 6 || total
-------------------------+-------+-------++-------
Melee: Unarmed           |   166 |   115 ||   281
       Punch             |     3 |     1 ||     4
       Headbutt          |     1 |     2 ||     3
       Kick              |     1 |     3 ||     4
 Cast: Beastly Appendage |    11 |    14 ||    25
       Sticks to Snakes  |       |     5 ||     5
  Use: Scroll            |     2 |       ||     2
       Potion            |       |     1 ||     1
 Stab: Sleeping          |     2 |     1 ||     3
  Eat: Chunk             |     3 |    16 ||    19
       Ration            |     1 |       ||     1
Armor: Robe              |    48 |    60 ||   108
Dodge: Dodged            |    66 |   107 ||   173
